 Dungeon Crawl Stone Soup version bcrawl-1.23.1 (webtiles) character file.

Game seed: 17585226353618972480

189 pasperui the Slasher (level 5, 0/45 HPs)
             Began as a Naga Sloth Apostle on May 25, 2020.
             Was a Follower of Cheibriados.
             Slain by a bullfrog (8 damage)
             ... on level 4 of the Dungeon.
             The game lasted 00:09:30 (2795 turns).

pasperui the Slasher (Naga Sloth Apostle)           Turns: 2795, Time: 00:09:31

Health: 0/45       AC:  3    Str: 19    XL:     5   Next: 68%
Magic:  6/6        EV:  6    Int: 15    God:    Cheibriados [*.....]
Gold:   253        SH:  8    Dex: 13    Spells: 5/6 levels left

rFire    . . .     SeeInvis +   p - +2 short sword (venom)
rCold    . . .     Gourm    .   c - +0 medium shield
rNeg     . . .     Faith    .   b - +0 robe
rPois    +         Spirit   .   (no helmet)
rElec    .         Reflect  .   u - +0 cloak (curse)
rCorr    .         Harm     .   (no gloves)
MR       .....                  (no barding)
Stlth    +++.......             (no amulet)
HPRegen  0.15/turn              (no ring)
MPRegen  0.10/turn              (no ring)

@: very slow
A: large, see invisible, deformed body, poison resistance, slowness 2, slow
metabolism 1, spit poison 1, AC +1
a: Spit Poison, Bend Time, Renounce Religion


You were on level 4 of the Dungeon.
You worshipped Cheibriados.
Cheibriados was aware of your devotion.
You were not hungry.

You visited 1 branch of the dungeon, and saw 4 of its levels.

You collected 253 gold pieces.

Inventory:

Hand Weapons
 a - a +0 falchion
 o - a +0 spear
 p - a +2 short sword of venom (weapon)
 x - a +0 hunting sling
Missiles
 h - 123 poisoned needles
 i - 684 stones (quivered)
 j - 95 javelins
 l - 461 bolts
 q - 302 arrows
 w - 552 sling bullets
Armour
 b - a +0 robe (worn)
 c - a +0 medium shield (worn)
 r - a +0 large shield
 u - a cursed +0 cloak (worn)
Wands
 d - a wand of paralysis (10)
Scrolls
 f - a scroll of enchant weapon {unknown}
 g - 3 scrolls of remove curse {unknown}
 k - 2 scrolls of teleportation {unknown}
 n - 5 scrolls of identify {unknown}
 y - a scroll of noise {unknown}
Potions
 m - a potion of curing {unknown}
 s - a potion of might {unknown}
 t - a potion of mutation {unknown}
 v - a potion of brilliance {unknown}
 A - a potion of heal wounds {unknown}
Comestibles
 e - 6 rations {!d}


   Skills:
 - Level 2.0 Fighting
 - Level 0.1(3.1) Short Blades
 * Level 5.2 Long Blades
 - Level 1.6 Throwing
 - Level 5.1 Stealth
 - Level 1.5 Shields
 - Level 1.0 Spellcasting
 - Level 1.0 Hexes
 - Level 1.0 Evocations


You had 5 spell levels left.
You knew the following spells:

 Your Spells              Type           Power        Failure   Level  Hunger
a - Slow                  Hex            #.......     75%         1    ##.....
Your spell library was empty.

Dungeon Overview and Level Annotations

Branches:
Dungeon (4/12)
 Temple: D:4-7

Altars:
Uskayaw


Innate Abilities, Weirdness & Mutations

You cannot wear boots.
Your serpentine skin is tough. (AC +1)
You have supernaturally acute eyesight. (SInv)
Armour fits poorly on your strangely shaped body.
Your system is resistant to poisons. (rPois)
You cover ground very slowly.
You have a slow metabolism.
You can spit poison.


Message History

The crimson imp shouts!
The bullfrog croaks.
You hear a shout!
The crimson imp hits you.
You closely miss the crimson imp. You block the crimson imp's attack.
The crimson imp hits you.
An orc wizard comes into view. It is wielding a +0 dagger.
The bullfrog hits you. The orc barely misses you. The crimson imp hits you.
You block the bullfrog's attack.
The crimson imp blinks!
The orc hits you with a +0 flail! The bullfrog closely misses you.
The orc closely misses you. You block the bullfrog's attack.
The orc wizard shouts!
Your magical contamination has completely faded away.
The orc wizard shouts!
You hear a shout!
The bullfrog hits you! You block the orc wizard's attack.
The bullfrog barely misses you.
The orc wizard casts a cantrip, but nothing happens.
The bullfrog barely misses you. The bullfrog hits you!
* * * LOW HITPOINT WARNING * * *
The bullfrog hits you!
You die...

###############
.......<....@.#########
###.####.####F........
#.# ##o#####.## #.#
#.oo......# .<.
#.#.......# ...
#...###.......
......#.## .......
.....o.. ....... ......
.......


You could see a bullfrog, 2 orc wizards and an orc.

Vanquished Creatures
  A hound (D:3)
  2 orc wizards (D:3)
  4 adders (D:3)
  An ooze (D:3)
  3 worms
  A dart slug (D:1)
  3 leopard geckos (D:1)
  3 orcs (D:3)
  2 giant cockroaches
  9 hobgoblins
  5 jackals
  7 kobolds
  A quokka (D:3)
  2 ball pythons (D:1)
  A bat (D:2)
  A frilled lizard (D:2)
  A goblin (D:2)
  3 rats
50 creatures vanquished.

Notes
Turn   | Place    | Note
-------+----------+-------------------------------------------
     0 | D:1      | pasperui the Naga Sloth Apostle began the quest for the
                  | Orb.
     0 | D:1      | Reached XP level 1. HP: 19/19 MP: 2/2
    25 | D:1      | Reached skill level 5 in Stealth
   283 | D:1      | Reached XP level 2. HP: 12/26 MP: 3/3
  1304 | D:2      | Reached skill level 1 in Throwing
  1459 | D:2      | Reached XP level 3. HP: 32/32 MP: 4/4
  1480 | D:2      | Found a hide-covered altar of Uskayaw.
  2074 | D:3      | Reached * piety under Cheibriados
  2074 | D:3      | Reached XP level 4. HP: 25/39 MP: 5/5
  2419 | D:3      | Reached XP level 5. HP: 45/45 MP: 6/6
  2661 | D:3      | Reached skill level 5 in Long Blades
  2788 | D:4      | Noticed a bullfrog
  2795 | D:4      | Slain by a bullfrog

Skill      XL: |  1  2  3  4  5 |
---------------+----------------+-----
Stealth        | 5 |  5.1
Throwing       | 1 |  1.6
Long Blades    | 3 4 5 |  5.2
Fighting       | |  2.0
Short Blades   | |  0.1
Shields        | |  1.5
Spellcasting   | |  1.0
Hexes          | |  1.0
Evocations     | |  1.0

Action                   |  1- 3 |  4- 6 || total
-------------------------+-------+-------++-------
Melee: Falchion          |    16 |       ||    16
       Short sword       |    40 |    59 ||    99
 Abil: Spit Poison       |    18 |     9 ||    27
 Stab: Sleeping          |     3 |     1 ||     4
  Eat: Chunk             |     5 |     1 ||     6
Armor: Robe              |    11 |    11 ||    22
Dodge: Dodged            |    14 |    22 ||    36
Block: Medium shield     |    24 |    23 ||    47
